 Dungeon Crawl Stone Soup version 0.31-a0-222-gefeffbb62a (webtiles) character file.

Game seed: 15189583732442854818

95 qw the Shooter (level 4, -9/28 HPs)
             Began as a Gargoyle Hexslinger on July 4, 2023.
             Mangled by an ogre
             ... wielding a +0 giant club
              (29 damage)
             ... on level 4 of the Dungeon.
             The game lasted 00:00:56 (2517 turns).

qw the Shooter (Gargoyle Hexslinger)                Turns: 2517, Time: 00:00:57

Health: -9/28      AC:  9    Str: 12    XL:     4   Next: 66%
Magic:  5/5        EV: 16    Int: 13    God:
Gold:   272        SH:  0    Dex: 14    Spells: 4/5 levels left

rFire   . . .        Y - +2 sling
rCold   . . .        (no shield)
rNeg    + . .        f - +0 ring mail
rPois   inf          (no helmet)
rElec   +            (no cloak)
rCorr   .            k - +0 pair of gloves
SInv    .            (no boots)
Will    .....        (no amulet)
Stlth   +            i - +5 ring of evasion
HPRegen 0.24/turn    (no ring)
MPRegen 0.09/turn

%: no passive effects
@: no status effects
A: sickness immunity, AC +3, negative energy resistance 1, electricity
resistance, torment resistance 1, petrification resistance, robust 1, sturdy
frame 1
a: no special abilities


You were on level 4 of the Dungeon.
You visited 1 branch of the dungeon, and saw 4 of its levels.

You collected 272 gold pieces.


Innate Abilities, Weirdness & Mutations

You are immune to sickness and miasma.
Your stone body is resilient. (AC +3)
You are immune to poison.
You resist negative energy. (rN+)
You are resistant to electric shocks. (rElec)
You are resistant to unholy torment.
You are immune to petrification.
You are robust. (+10% HP)
Your movements are slightly less encumbered by armour. (ER -2)


   Skills:
 - Level 2.0 Fighting
 + Level 4.2 Ranged Weapons
 - Level 1.0 Armour
 - Level 1.5 Dodging
 - Level 1.0 Spellcasting
 - Level 2.6 Hexes


You had 4 spell levels left.
You knew the following spells:

 Your Spells              Type           Power      Damage    Failure   Level
a - Slow                  Hex            28%        N/A       14%         1

Your spell library contained the following spells:

 Spells                   Type           Power      Damage    Failure   Level
 Inner Flame              Hex/Fire       4%         N/A       58%         3
 Portal Projectile        Hex/Tloc       8%         N/A       58%         3
 Cause Fear               Hex            3%         N/A       80%         4

Inventory:

Hand Weapons
 Y - a +2 sling (weapon)
Armour
 f - a +0 ring mail (worn)
 k - a +0 pair of gloves (worn)
Jewellery
 i - a +5 ring of evasion (left hand)
 j - a ring of ice
Scrolls
 a - a scroll of identify
Potions
 d - a potion of might
 e - a potion of lignification {unknown}
 g - a potion of magic {unknown}
 h - 2 potions of mutation
 l - a potion of berserk rage {unknown}
 m - a potion of curing {unknown}

Dungeon Overview and Level Annotations

Branches:
Dungeon (4/15)
 Temple: D:4-7

Altars:
Dithmenos
Kikubaaqudgha
Ru
Trog


Message History

You open the door.
An ogre comes into view. It is wielding a +0 giant club.
The ogre shouts!
There is an open door here.
You shoot a sling bullet. The sling bullet hits the ogre!
The ogre is moderately wounded.
You shoot a sling bullet.
The sling bullet closely misses the ogre.
You shoot a sling bullet.
The sling bullet barely misses the ogre.
You shoot a sling bullet. The sling bullet hits the ogre.
The ogre is moderately wounded.
The ogre hits you with a +0 giant club!
You shoot a sling bullet. The sling bullet hits the ogre!
The ogre is heavily wounded.
You shoot a sling bullet.
The sling bullet barely misses the ogre.
The ogre completely misses you.
You shoot a sling bullet. The sling bullet hits the ogre.
The ogre is severely wounded.
The ogre barely misses you.
You shoot a sling bullet. The sling bullet hits the ogre.
The ogre is severely wounded.
The ogre misses you.
You shoot a sling bullet.
The sling bullet closely misses the ogre.
The ogre closely misses you.
You shoot a sling bullet.
The sling bullet barely misses the ogre.
You shoot a sling bullet.
The sling bullet closely misses the ogre.
The ogre completely misses you.
You shoot a sling bullet.
The sling bullet barely misses the ogre.
The ogre completely misses you.
You shoot a sling bullet. The sling bullet hits the ogre.
The ogre is almost dead.
The ogre hits you with a +0 giant club!!
Ouch! That really hurt!
You die...

.........#
.........#......
........<#.....
.........#....
####.....#...
..####'##..#
.........#..#
.........#O.#
.........@..#
.........#..#
#+#......#..#
#......#....
#......#.....
##+##.....####
#.....# #.....#


You could see an ogre.

Vanquished Creatures
  2 adders (D:2)
  A worm (D:2)
  2 orcs (D:3)
  5 ball pythons
  6 bats
  5 endoplasms
  5 giant cockroaches
  5 goblins
  8 hobgoblins
  5 jackals
  8 quokkas
  A frilled lizard (D:3)
  3 kobolds (D:2)
  4 rats
60 creatures vanquished.

Notes
Turn   | Place    | Note
-------+----------+-------------------------------------------
     0 | D:1      | qw the Gargoyle Hexslinger began the quest for the Orb.
     0 | D:1      | Reached XP level 1. HP: 12/12 MP: 2/2
     0 | D:1      | 0 ||| qw: Version: 0.3-a-46-gb1f654a
     0 | D:1      | 0 ||| qw: Game counter: 936
     0 | D:1      | 0 ||| qw: Melee chars always use a shield: true
     0 | D:1      | 0 ||| qw: God list: Okawaru
     0 | D:1      | 0 ||| qw: Allow faded altars: false
     0 | D:1      | 0 ||| qw: Do Orc after clearing Dungeon:15 true
     0 | D:1      | 0 ||| qw: Do second Lair branch before Depths: true
     0 | D:1      | 0 ||| qw: Lair rune preference: random
     0 | D:1      | 0 ||| qw: Goals: Normal
     0 | D:1      | 0 ||| PLANNING D:1-11
   124 | D:1      | Reached XP level 2. HP: 13/16 MP: 3/3
   187 | D:1      | Reached skill level 3 in Ranged Weapons
   475 | D:1      | Found a faded altar of an unknown god.
   501 | D:1      | Reached XP level 3. HP: 17/21 MP: 4/4
   668 | D:1      | 668 ||| UPGRADING to +0 ring mail.
   678 | D:1      | 678 ||| DROPPING +0 robe.
   679 | D:1      | 679 ||| UPGRADING to +5 ring of evasion.
   680 | D:1      | 680 ||| READING 2 scrolls labelled PEXTUM UXUYHI.
   681 | D:1      | 681 ||| DRINKING 2 bubbling clear potions.
   681 | D:1      | Gained mutation: You are robust. (+10% HP) [potion of
                  | mutation]
   681 | D:1      | Gained mutation: Your movements are slightly less
                  | encumbered by armour. (ER -2) [potion of mutation]
   689 | D:1      | 689 ||| DROPPING scroll of poison.
  1173 | D:2      | Reached XP level 4. HP: 28/28 MP: 5/5
  1179 | D:2      | Reached skill level 4 in Ranged Weapons
  1335 | D:2      | Reached skill level 1 in Armour
  1514 | D:2      | 1514 ||| UPGRADING to +0 pair of gloves.
  1519 | D:2      | 1519 ||| READING scroll labelled ALUIKK ECASCHO.
  1523 | D:2      | 1523 ||| READING scroll labelled QUETHR IDAINA.
  1524 | D:2      | 1524 ||| READING scroll labelled YZYFAI PU JIO.
  1525 | D:2      | 1525 ||| READING 2 scrolls of identify.
  1525 | D:2      | 1525 ||| IDENTIFYING brown potion
  2152 | D:3      | Found an ancient bone altar of Kikubaaqudgha.
  2153 | D:3      | Found a bloodstained altar of Trog.
  2153 | D:3      | Found a sacrificial altar of Ru.
  2154 | D:3      | Found a shadowy altar of Dithmenos.
  2475 | D:3      | 2475 ||| READING scroll labelled MAGOUVOPIKU.
  2476 | D:3      | 2476 ||| READING scroll labelled FACVYJOT WYKAD.
  2477 | D:3      | 2477 ||| READING scroll labelled TASIKH KECWUHA.
  2504 | D:4      | Noticed an ogre
  2517 | D:4      | Mangled by an ogre

Levels and vault maps discovered:
D:1:      minmay_arrival_checkered_box, layout_basic, basic_ecumenical_altar,
          minmay_pentomino_o4
D:2:      minmay_alternating_diamond, layout_basic
D:3:      layout_basic, chequers_temple_overflow_statue_of_worship,
          chequers_serial_rivers_micro_a, due_unseen_surprise
D:4:      layout_gridville, nicolae_sif_muna_condensation,
          mainiacjoe_overflow_alcove_4, uniq_edmund

Skill      XL: |  1  2  3  4 |
---------------+-------------+-----
Ranged Weapons | 3 4 |  4.2
Fighting       | 2 |  2.0
Armour         | 1 |  1.0
Dodging        | |  1.5
Spellcasting   | |  1.0
Hexes          | |  2.6

Action                     |  1- 3 |  4- 6 || total
---------------------------+-------+-------++-------
   Fire: Sling             |   113 |    99 ||   212
    Use: Scroll            |     1 |     7 ||     8
         Potion            |     1 |       ||     1
 Armour: Robe              |    13 |       ||    13
         Ring mail         |     2 |    18 ||    20
  Dodge: Dodged            |    57 |    54 ||   111

Table legend:
 A = Non-vault XP
 B = Vault XP
 C = Vault XP percentage of total XP
 D = Non-vault monster count
 E = Vault monster count
 F = Vault count percentage of total count
                 A         B        C        D         E       F
            +---------+---------+-------+---------+---------+-------
      Total |     110 |      27 |  19.7 |      52 |       8 |  13.3
            +---------+---------+-------+---------+---------+-------
        D:1 |      33 |       5 |  13.2 |      19 |       3 |  13.6
        D:2 |      55 |      22 |  28.6 |      22 |       5 |  18.5
        D:3 |      22 |       0 |   0.0 |      11 |       0 |   0.0
            +---------+---------+-------+---------+---------+-------
